 Dungeon Crawl Stone Soup version 0.22.0-60-ga52c2fc (webtiles) character file.

44 Merlin the Skirmisher (level 3, -1/35 HPs)
             Began as a Gnoll Wanderer on Sept 9, 2018.
             Succumbed to Robin's poison
             ... on level 2 of the Dungeon.
             The game lasted 00:05:26 (1049 turns).

Merlin the Skirmisher (Gnoll Wanderer)              Turns: 1049, Time: 00:05:26

Health: -1/35      AC:  5    Str: 14    XL:     3   Next: 62%
Magic:  4/4        EV: 12    Int: 16    God:
Gold:   115        SH:  0    Dex: 15    Spells: 3/3 levels left

rFire    . . .     SeeInvis .   a - +2 dagger
rCold    . . .     Gourm    .   (no shield)
rNeg     . . .     Faith    .   p - +0 ring mail
rPois    .         Spirit   .   (helmet restricted)
rElec    .         Reflect  .   (no cloak)
rCorr    .         Harm     .   (no gloves)
MR       .....                  (no boots)
Stlth    +.........             (no amulet)
HPRegen  0.11/turn              (no ring)
MPRegen  0.09/turn              (no ring)

@: lethally poisoned (-1 -> -36)
A: distributed training, fangs 1, horns 1, strong 1, strong nose
a: no special abilities


You were on level 2 of the Dungeon.
You were hungry.

You visited 1 branch of the dungeon, and saw 2 of its levels.

You collected 115 gold pieces.

Inventory:

Hand Weapons
 a - a +2 dagger (weapon)
 e - a +0 blowgun
Missiles
 d - 11 poisoned needles
Armour
 f - a +0 robe
 p - a +0 ring mail (worn)
Scrolls
 b - a scroll of fear
 c - a scroll of teleportation
 i - 2 scrolls of enchant weapon {unknown}
 k - a scroll of blinking {unknown}
 m - a scroll of magic mapping {unknown}
 o - a scroll of identify {unknown}
Potions
 l - a potion of agility {unknown}
Comestibles
 g - 3 rations


   Skills:
 + Level 6.5 Fighting
 + Level 0.8 Short Blades
 + Level 0.8 Long Blades
 + Level 2.6 Axes
 + Level 0.8 Maces & Flails
 + Level 0.8 Polearms
 + Level 0.8 Staves
 + Level 0.8 Slings
 + Level 0.8 Bows
 + Level 0.8 Crossbows
 + Level 4.5 Throwing
 + Level 2.6 Armour
 + Level 2.6 Dodging
 + Level 2.4 Stealth
 + Level 0.8 Shields
 + Level 2.6 Unarmed Combat
 + Level 0.8 Spellcasting
 + Level 0.5 Conjurations
 + Level 0.5 Hexes
 + Level 0.5 Charms
 + Level 0.5 Summonings
 + Level 0.5 Necromancy
 + Level 0.5 Translocations
 + Level 0.5 Transmutations
 + Level 0.5 Fire Magic
 + Level 0.5 Ice Magic
 + Level 0.5 Air Magic
 + Level 0.5 Earth Magic
 + Level 0.5 Poison Magic
 + Level 1.0 Invocations
 + Level 0.8 Evocations


You had 3 spell levels left.
You didn't know any spells.
Your spell library was empty.

Dungeon Overview and Level Annotations

Branches:
Dungeon (2/15)

Altars:

Annotations:
D:2 Robin


Innate Abilities, Weirdness & Mutations

Your experience applies equally to all skills.
You have very sharp teeth.
Your uncanny sense of smell can sniff out nearby items.
You have a pair of small horns on your head.
Your muscles are strong. (Str +2)


Message History

Your ring mail prevents you from hitting Robin.
Robin is heavily wounded.
* * * LOW HITPOINT WARNING * * *
You feel sick. The hobgoblin barely misses you.
Robin hits you with a short sword of venom.
* * * LOW HITPOINT WARNING * * *
You are more poisoned.
The goblin hits you but does no damage.
It was a potion of mutation.
You feel extremely strange. A pair of horns grows on your head!
You feel stronger.
* * * LOW HITPOINT WARNING * * *
You feel sick.
The hobgoblin hits you but does no damage.
Robin hits you with a short sword of venom.
* * * LOW HITPOINT WARNING * * *
You are more poisoned.
The goblin hits you but does no damage.
You hit Robin. You bite Robin, but do no damage.
Robin is severely wounded.
You die...

####.##.#.#####.#..# #)#
#...............#..# #)#
##...............#..# #.#
.#...<...........#..#####.#
.#...............#..#...#.#
..........)†gg...)..#.#.#.#
.......###g#####.##.#.#.#(##
.......# #.####..........÷)#
.....### .......@.#.#.#.####
.....## .#.###.ggg#.#[#.#
......##g#g# #..K.#.#.#.#
#.....## #g# ##...#.#.#.#
#.....# ... ........#.#
#.....# ... .....#.#.#.#
#.....# ##..........#
#.....# #...##.##### ......#
.. #.


You could see Robin, a hobgoblin, a goblin and a kobold.

Vanquished Creatures
  An ooze (D:1)
  2 leopard geckos (D:1)
  5 giant cockroaches
  11 goblins
  2 hobgoblins
  A ball python (D:1)
  4 bats (D:1)
  A frilled lizard (D:1)
  2 kobolds (D:1)
  8 rats (D:1)
37 creatures vanquished.

Notes
Turn   | Place    | Note
-------+----------+-------------------------------------------
     0 | D:1      | Merlin the Gnoll Wanderer began the quest for the Orb.
     0 | D:1      | Merlin set off with: a +2 dagger, a scroll of fear, a
                  | scroll of teleportation, 11 poisoned needles, a +0 blowgun,
                  | a +0 robe, a ration
     0 | D:1      | Reached XP level 1. HP: 23/23 MP: 1/1
    97 | D:1      | Reached XP level 2. HP: 27/29 MP: 2/2
   533 | D:1      | Reached XP level 3. HP: 35/35 MP: 3/3
   721 | D:2      | Noticed Robin
   770 | D:2      | HP: 1/35 [goblin[Robin] (3)]
   774 | D:2      | Reached skill level 1 in Invocations
  1048 | D:2      | Gained mutation: You have a pair of small horns on your
                  | head. [potion of mutation]
  1048 | D:2      | Gained mutation: Your muscles are strong. (Str +2) [potion
                  | of mutation]
  1048 | D:2      | HP: 1/35 [Robin/short sword of venom (2)]
  1049 | D:2      | Succumbed to Robin's poison

Skill      XL: |  1  2  3 |
---------------+----------+-----
Invocations    | 1 |  1.0
Fighting       | |  6.5
Short Blades   | |  0.8
Long Blades    | |  0.8
Axes           | |  2.6
Maces & Flails | |  0.8
Polearms       | |  0.8
Staves         | |  0.8
Slings         | |  0.8
Bows           | |  0.8
Crossbows      | |  0.8
Throwing       | |  4.5
Armour         | |  2.6
Dodging        | |  2.6
Stealth        | |  2.4
Shields        | |  0.8
Unarmed Combat | |  2.6
Spellcasting   | |  0.8
Conjurations   | |  0.5
Hexes          | |  0.5
Charms         | |  0.5
Summonings     | |  0.5
Necromancy     | |  0.5
Translocations | |  0.5
Transmutations | |  0.5
Fire Magic     | |  0.5
Ice Magic      | |  0.5
Air Magic      | |  0.5
Earth Magic    | |  0.5
Poison Magic   | |  0.5
Evocations     | |  0.8

Action                   || total
-------------------------++-------
Melee: Dagger            ||   139
       Bite              ||    18
  Use: Potion            ||     2
       Scroll            ||     1
 Stab: Sleeping          ||     4
Armor: Robe              ||     4
       Ring mail         ||    40
Dodge: Dodged            ||   113
